AoeStats
← CeyCey

Black Forest

507113732Analyzed
4v4 RM · 14d ago on Sep 16, 2026· 51m 4s· 8 players
Game mode
Random Map
Map size
Large (8 player)
Population
200
Speed
Normal
Resources
Standard
Victory
Conquest
Starting age
Dark Age
Ending age
Imperial Age
RankedLock teamsTeams togetherTeam positionsShared explorationLock speedFull tech treeHidden civsTurbo modeCheats
Victory
Defeat
🇹🇷 Sicilians · Türkiye
1046
+13
🇹🇷 Teutons · Türkiye
1004
+14
🇹🇷 Bohemians · Türkiye
1001
+14
🇹🇷 Britons · Türkiye
905
+19
🇹🇷 Huns · Türkiye
997
-16
🇹🇼 Persians · Taiwan
990
-43
🇮🇳 Celts · India
988
-16
🇧🇪 Turks · Belgium
888
-12
dushyanthkuthati
0:37 Loom
15:37 Feudal Age
16:58 Wheelbarrow
16:39 Horse Collar
16:45 Double-Bit Axe
21:25 Castle Age
22:30 Hand Cart
22:28 Bow Saw
Franky
1:32 Loom
14:32 Feudal Age
16:31 Wheelbarrow
15:39 Horse Collar
15:49 Double-Bit Axe
18:58 Castle Age
小米
11:35 Feudal Age
10:14 Loom
12:08 Double-Bit Axe
16:56 Horse Collar
20:19 Castle Age
19:44 Wheelbarrow
20:55 Heavy Plow
27:01 Scale Barding Armor
Nightman
13:55 Feudal Age
12:19 Loom
19:09 Castle Age
17:47 Double-Bit Axe
17:45 Horse Collar
18:14 Gold Mining
20:55 Heavy Plow
21:09 Bow Saw
20:55 Stone Mining
27:42 Husbandry
29:50 Scale Barding Armor
29:56 Forging
43:55 Imperial Age
41:49 Chain Barding Armor
42:05 Iron Casting
41:44 Bloodlines
44:00 Cavalier
45:03 Light Cavalry
48:05 Plate Barding Armor
TJ
13:24 Feudal Age
17:46 Double-Bit Axe
17:44 Horse Collar
26:22 Forging
26:13 Scale Mail Armor
28:20 Castle Age
28:34 Pikeman
31:37 Iron Casting
31:20 Chain Mail Armor
45:32 Imperial Age
43:24 Squires
45:39 Halberdier
CeyCey
12:50 Feudal Age
13:40 Horse Collar
13:48 Double-Bit Axe
20:40 Castle Age
22:37 Bow Saw
22:30 Heavy Plow
23:59 Wheelbarrow
25:19 Gold Mining
25:32 Padded Archer Armor
25:24 Fletching
26:15 Hand Cart
29:27 Imperial Age
27:32 Ballistics
27:24 Fortified Wall
27:10 Murder Holes
26:55 Treadmill Crane
29:57 Gold Shaft Mining
29:14 Stone Mining
29:21 Town Watch
29:26 Loom
30:11 Yeomen
30:44 Town Patrol
31:14 Conscription
33:15 Chemistry
32:06 Elite Longbowman
32:48 Pikeman
33:28 Squires
33:13 Arson
33:17 Gambesons
35:26 Leather Archer Armor
35:06 Bodkin Arrow
35:12 Scale Mail Armor
35:23 Forging
35:46 Halberdier
36:12 Arson
38:15 Ring Archer Armor
38:00 Chain Mail Armor
41:02 Two-Man Saw
40:27 Bracer
jyasin.yildiz
6:41 Loom
13:11 Feudal Age
14:57 Double-Bit Axe
14:52 Horse Collar
20:36 Castle Age
23:13 Bow Saw
23:04 Heavy Plow
24:36 Sanctity
27:33 Imperial Age
26:47 Chemistry
27:20 Wheelbarrow
27:27 Wheelbarrow
29:18 Two-Man Saw
28:08 Treadmill Crane
28:30 Fletching
29:59 Murder Holes
30:40 Pikeman
32:15 Hand Cart
35:58 Squires
36:09 Forging
45:34 Elite Hussite Wagon
48:56 Halberdier
49:22 Arson
50:24 Wagenburg Tactics
51:00 Iron Casting
50:25 Scale Mail Armor
50:52 Houfnice
51:57 Ballistics
51:33 Bodkin Arrow
☾★Ertugrul☾★
1:16 Loom
12:14 Feudal Age
18:29 Castle Age
17:27 Double-Bit Axe
21:24 Wheelbarrow
21:00 Gold Mining
22:56 Horse Collar
31:38 Imperial Age
31:55 Hand Cart
31:39 Town Watch
32:46 Onager
33:35 Pikeman
38:58 Forging
38:49 Scale Mail Armor
39:01 Elite Teutonic Knight
40:04 Ironclad
40:09 Crenellations
40:49 Town Patrol
41:35 Iron Casting
41:16 Chain Mail Armor
42:42 Ballistics
42:28 Siege Engineers
42:34 Fortified Wall
43:26 Chemistry
43:42 Caravan
48:21 Masonry
48:02 Guard Tower
Connection lost

Rejoining the realm…

Still unreachable

The connection could not be restored.

Session expired

The server has moved on; the page needs a fresh start.